 Dungeon Crawl Stone Soup version 0.16-a0-3926-g4728e1c (webtiles) character file.

14490 Crauler the Martial Artist (level 11, 0/94 HPs)
             Began as a Pale Draconian Transmuter on Feb 3, 2015.
             Was a High Priest of Makhleb.
             Killed from afar by an electric eel (8 damage)
             ... with a bolt of electricity
             ... on level 11 of the Dungeon on Feb 5, 2015.
             The game lasted 01:10:51 (15097 turns).

Crauler the Martial Artist (DrTm)                  Turns: 15097, Time: 01:10:51

Health: 0/94       AC: 12    Str: 18    XL:     11   Next: 89%
Magic:  23/23      EV: 16    Int: 15    God:    Makhleb [*****.]
Gold:   856        SH:  0    Dex: 14    Spells: 3 memorised, 10 levels left

rFire  . . .     SeeInvis .     b - +4 short sword of Radicalism {freeze, Str+4}
rCold  . . .     Clarity  .     (armour unavailable)
rNeg   . . .     SustAb   .     (no shield)
rPois  .         Gourm    .     (helmet restricted)
rElec  .         Spirit   .     n - +1 cloak
rCorr  .         Warding  .     Q - +0 pair of gloves
rMut   .         Stasis   .     t - +0 pair of boots
MR     .....                    M - amulet of faith
Stlth  +.........               (no ring)
                                i - +1 ring of protection (curse)

@: not resistant to hostile enchantments, very unstealthy
A: breathe steam, unfitting armour, strong 1, cold-blooded, AC +7
a: Breathe Steam, Minor Destruction, Lesser Servant of Makhleb, Major
Destruction, Greater Servant of Makhleb, Renounce Religion


You were on level 11 of the Dungeon.
You worshipped Makhleb.
Makhleb was extremely pleased with you.
You were not hungry.

You visited 2 branches of the dungeon, and saw 12 of its levels.

You collected 856 gold pieces.

Inventory:

Hand weapons
 b - the +4 short sword of Radicalism (weapon) {freeze, Str+4}
   (You found it on level 4 of the Dungeon)

   It has been specially enchanted to freeze those struck by it, causing extra
   injury to most foes and up to half again as much damage against particularly
   susceptible opponents.
   It can also slow down cold-blooded creatures.
   It affects your strength (+4).
 g - a +2 whip of venom
Armour
 n - a +1 cloak (worn)
 t - a +0 pair of boots (worn)
 u - a +0 buckler
 Q - a +0 pair of gloves (worn)
Jewellery
 i - a cursed +1 ring of protection (left hand)
 G - an uncursed ring of protection from magic
 M - an amulet of faith (around neck)
 P - an uncursed ring of ice
Magical devices
 w - a wand of paralysis (12)
 E - a wand of digging (10)
 H - a wand of teleportation (2)
 N - a wand of flame (33)
Scrolls
 h - 3 scrolls of identify
 j - 4 scrolls of remove curse
 k - 4 scrolls of teleportation
 l - 3 scrolls of fog
 p - 2 scrolls of recharging
 r - a scroll of acquirement {unknown}
 s - a scroll of vulnerability {unknown}
 C - 2 scrolls of magic mapping
 F - a scroll of amnesia
 J - 2 scrolls of summoning {unknown}
 R - a scroll of enchant weapon {unknown}
Potions
 e - 3 potions of haste
 m - 2 potions of restore abilities
 q - 2 potions of curing
 x - a potion of might
 z - a potion of flight
 A - 3 potions of agility
 B - 2 potions of resistance
 I - a potion of brilliance
Books
 c - a book of Ice

   Spells                             Type                      Level
   a - Ice Form                       Ice/Transmutation            4
   b - Metabolic Englaciation         Hexes/Ice                    5
   c - Ozocubu's Refrigeration        Ice                          6
   d - Bolt of Cold                   Conjuration/Ice              6
   e - Freezing Cloud                 Conjuration/Ice/Air          6
   f - Simulacrum                     Ice/Necromancy               6
 d - a book of Changes

   Spells                             Type                      Level
   a - Beastly Appendage              Transmutation                1
   b - Sticks to Snakes               Transmutation                2
   c - Spider Form                    Transmutation/Poison         3
   d - Ice Form                       Ice/Transmutation            4
   e - Blade Hands                    Transmutation                5
 y - a book of Dreams

   Spells                             Type                      Level
   a - Ensorcelled Hibernation        Hexes/Ice                    2
   b - Flight                         Charms/Air                   3
   c - Phase Shift                    Translocation                5
   d - Shadow Creatures               Summoning                    5
   e - Mass Confusion                 Hexes                        6
   f - Darkness                       Hexes                        7
 K - a book of Transfigurations

   Spells                             Type                      Level
   a - Stoneskin                      Transmutation/Earth          2
   b - Irradiate                      Conjuration/Transmutation    5
   c - Statue Form                    Transmutation/Earth          6
   d - Hydra Form                     Transmutation                6
   e - Dragon Form                    Transmutation                7
Comestibles
 a - 6 bread rations
 f - 3 meat rations
 v - 7 beef jerkies
 O - 2 royal jellies


   Skills:
 + Level 8.3 Fighting
 + Level 7.2 Dodging
 * Level 10.7 Unarmed Combat
 - Level 5.0 Spellcasting
 * Level 10.5 Transmutations
 + Level 5.4 Invocations


You had 10 spell levels left.
You knew the following spells:

 Your Spells              Type           Power        Failure   Level  Hunger
a - Stoneskin             Trmt/Erth      ###.....     2%          2    ##.....
b - Spider Form           Trmt/Pois      ###.......   6%          3    ###....
c - Blade Hands           Trmt           #####.....   8%          5    ######.


Dungeon Overview and Level Annotations

Branches:
Dungeon (11/15)            Temple (1/1) D:7            Lair (0/8) D:10
    Orc (0/4) D:11

Altars:
Ashenzari
Fedhas
Gozag
Kikubaaqudgha
Makhleb
Okawaru
Qazlal
Trog
Vehumet
Xom
Yredelemnul


Innate Abilities, Weirdness & Mutations

You can breathe blasts of scalding steam.
Your pale cyan-grey scales are hard (AC +7).
Your body does not fit into most forms of armour.
Your cold-blooded metabolism reacts poorly to cold.
Your muscles are strong. (Str +2)


Message History

Use which ability? (? or * to list)
Press: ? - help, Shift-Dir - straight line
Okay, then.
The electric eel shoots out a bolt of lightning at you!
The bolt of electricity hits you!
Use which ability? (? or * to list)
Press: ? - help, Shift-Dir - straight line, f/p - electric eel
Aim: an electric eel (water, heavily wounded)
The bolt of negative energy misses the electric eel.
You feel somewhat more hungry.
A hill giant comes into view. It is wielding a giant club.
The hill giant shouts!
The electric eel shoots out a bolt of lightning at you!
The bolt of electricity hits you!
* * * LOW HITPOINT WARNING * * *
The electric eel shoots out a bolt of lightning at you!
The bolt of electricity hits you!
* * * LOW HITPOINT WARNING * * *
The bolt of electricity hits you!
You die...

....##'####
######.)#.....######)
######..#.# #C..................
##...####.###.........#####.
###..#.....)..).....<.###+#'
####......##.####....(.........
≈≈≈≈≈≈;≈.......##........##....
≈≈≈≈≈≈≈≈≈≈.##.#.##.)......##....
≈≈≈≈≈≈≈≈≈≈≈≈..#.##.#......##....
≈≈≈≈≈≈≈≈≈≈≈..#@##.#......##....
≈≈≈≈≈≈≈≈≈≈;......#.....>###+#.
≈≈≈≈≈≈≈≈≈≈≈≈.####......###+#.
≈≈≈≈≈≈≈≈≈≈≈≈# #.(..........
≈≈≈≈≈≈≈≈.#.# ######.......
≈≈≈≈≈≈#.#.# #....... ≈≈≈≈.#.#
#....).. .#.#.# #.....#+ #.#
#.....'.


You could see an electric eel.

Vanquished Creatures
  3 hydras (D:11)
  A hill giant (D:10)
  An unseen horror (D:9)
  An ugly thing (D:11)
  A troll (D:9)
  2 komodo dragons (D:10)
  A wandering mushroom (D:9)
  Prince Ribbit (D:5)
  A trapdoor spider zombie (D:10)
  The ghost of SublimeSnake the Cudgeler, an average OgBe of Trog (D:3)
  A deep elf mage (D:10)
  14 yaks
  A hippogriff (D:8)
  Eustachio (D:6)
  A steam dragon (D:11)
  A hungry ghost (D:8)
  Menkaure (D:4)
  4 water moccasins
  A phantom (D:8)
  2 black bears
  3 sky beasts
  An ice beast (D:10)
  A swamp drake (D:10)
  9 ogres
  5 orc warriors
  8 centaurs
  An eye of draining (D:6)
  A big kobold (D:8)
  8 giant frogs
  A crocodile (D:10)
  Blork the orc (D:5)
  A wyvern zombie (D:9)
  6 scorpions
  7 electric eels
  7 wights
  3 killer bees (D:10)
  A goliath beetle (D:8)
  2 quasits
  7 crimson imps
  6 jellies
  4 giant frog skeletons
  2 giant frog zombies
  7 worker ants
  4 orc priests
  A centaur skeleton (D:7)
  4 hounds
  12 orc wizards
  7 iguanas
  A killer bee zombie (D:6)
  Jessica (D:2)
  A hound zombie (D:7)
  A hound skeleton (D:7)
  A mummy (D:7)
  6 gnolls
  A shadow imp (D:5)
  9 adders
  4 giant mites
  A worm (D:2)
  3 adder skeletons
  10 giant geckos
  An ooze (D:3)
  56 orcs
  A ball python (D:4)
  12 bats
  4 giant cockroaches
  13 goblins
  19 hobgoblins
  6 jackals
  17 kobolds
  7 quokkas
  A giant gecko skeleton (D:4)
  5 giant newts
  A giant spore (D:7)
  A jackal skeleton (D:4)
  9 rats
  5 ballistomycetes
357 creatures vanquished.

Vanquished Creatures (others)
  A hobgoblin (D:6)
  A giant spore (D:8)
  A fungus (D:9)
3 creatures vanquished.

Grand Total: 360 creatures vanquished

Notes
Turn   | Place    | Note
--------------------------------------------------------------
     0 | D:1      | Crauler, the Draconian Transmuter, began the quest for the Orb.
     0 | D:1      | Reached XP level 1. HP: 16/16 MP: 3/3
     0 | D:1      | Upgraded the game from 0.16-a0-3909-g31f9ca0 to 0.16-a0-3926-g4728e1c
   227 | D:1      | Found an iron altar of Okawaru.
   247 | D:1      | Reached XP level 2. HP: 14/23 MP: 4/4
  1329 | D:2      | Reached XP level 3. HP: 24/28 MP: 6/6
  1355 | D:2      | Learned a level 3 spell: Spider Form
  1910 | D:2      | Noticed Jessica
  1917 | D:2      | Killed Jessica
  1917 | D:2      | Reached XP level 4. HP: 27/36 MP: 3/7
  2064 | D:3      | Noticed SublimeSnake's ghost (average OgBe)
  3237 | D:2      | Reached skill level 4 in Unarmed Combat
  3607 | D:4      | Reached XP level 5. HP: 14/41 MP: 7/9
  3763 | D:4      | Got a fine short sword
  3775 | D:4      | Identified the +4 short sword of Radicalism {freeze, Str+4} (You found it on level 4 of the Dungeon)
  4014 | D:4      | Found a radiant altar of Vehumet.
  4019 | D:4      | Found a shimmering altar of Xom.
  4106 | D:4      | Noticed Menkaure
  4123 | D:4      | Killed Menkaure
  4123 | D:4      | Reached XP level 6. HP: 50/50 MP: 7/11
  4477 | D:4      | Learned a level 5 spell: Blade Hands
  4803 | D:5      | Entered Level 5 of the Dungeon
  4891 | D:4      | Reached skill level 5 in Unarmed Combat
  4891 | D:4      | Your scales start fading to a pale cyan-grey colour.
  4891 | D:4      | Reached XP level 7. HP: 54/57 MP: 14/14
  5045 | D:5      | Noticed Blork the orc
  5056 | D:5      | Killed Blork the orc
  5256 | D:5      | Found a bloodstained altar of Trog.
  5447 | D:5      | Found a blossoming altar of Fedhas.
  5469 | D:5      | Noticed Prince Ribbit
  5504 | D:5      | Killed Prince Ribbit
  5504 | D:5      | Reached skill level 5 in Transmutations
  5520 | D:5      | Reached XP level 8. HP: 27/66 MP: 13/17
  5911 | D:6      | Found a shattered altar of Ashenzari.
  5946 | D:6      | Reached skill level 6 in Unarmed Combat
  6323 | D:6      | Noticed Eustachio
  6341 | D:6      | Killed Eustachio
  6387 | D:6      | Found a shattered altar of Ashenzari.
  6387 | D:6      | Found a basalt altar of Yredelemnul.
  6393 | D:6      | Found a stormy altar of Qazlal.
  6512 | D:6      | Reached skill level 5 in Fighting
  6620 | D:6      | Reached XP level 9. HP: 42/74 MP: 14/20
  6777 | D:6      | Reached skill level 7 in Unarmed Combat
  8142 | D:7      | Found a staircase to the Ecumenical Temple.
  8192 | Temple   | Entered the Ecumenical Temple
  8201 | Temple   | Became a worshipper of Makhleb the Destroyer
  8565 | D:7      | Acquired Makhleb's first power
  8728 | D:8      | Reached skill level 5 in Spellcasting
  8758 | D:8      | Reached skill level 5 in Dodging
  8758 | D:8      | Reached skill level 8 in Unarmed Combat
  8870 | D:8      | Acquired Makhleb's second power
  8908 | D:8      | Reached skill level 1 in Invocations
  8940 | D:8      | Reached XP level 10. HP: 60/83 MP: 19/22
  9212 | D:8      | Gained mutation: Your muscles are strong. (Str +2) [potion of beneficial mutation]
 10070 | D:9      | Acquired Makhleb's third power
 10110 | D:9      | Killed an unseen horror
 10110 | D:9      | Reached skill level 9 in Unarmed Combat
 11380 | D:10     | Entered Level 10 of the Dungeon
 12023 | D:3      | Killed SublimeSnake's ghost
 12355 | D:10     | Learned a level 2 spell: Stoneskin
 12366 | D:10     | Noticed a hill giant
 12376 | D:10     | Killed a hill giant
 12466 | D:10     | Reached XP level 11. HP: 49/92 MP: 23/23
 12610 | D:10     | Acquired Makhleb's fourth power
 12611 | D:10     | Found a staircase to the Lair.
 12885 | D:10     | Reached skill level 10 in Unarmed Combat
 13360 | D:11     | Reached skill level 10 in Transmutations
 13370 | D:11     | Acquired Makhleb's fifth power
 13735 | D:11     | Found a staircase to the Orcish Mines.
 13779 | D:11     | Noticed a four-headed hydra
 13795 | D:11     | Killed a four-headed hydra
 13795 | D:11     | Reached skill level 5 in Invocations
 13917 | D:11     | Noticed a four-headed hydra
 13926 | D:11     | Noticed a seven-headed hydra
 13959 | D:11     | Killed a four-headed hydra
 14159 | D:11     | HP: 4/94 [seven-headed hydra (7)]
 14168 | D:11     | Killed a seven-headed hydra
 15094 | D:11     | Noticed a hill giant
 15097 | D:11     | Killed from afar by an electric eel

Action                   |  1- 3 |  4- 6 |  7- 9 | 10-12 || total
-------------------------+-------+-------+-------+-------++-------
Melee: Unarmed           |    44 |    49 |   156 |   212 ||   461
       Hand axe          |    10 |       |       |       ||    10
       Dagger            |   111 |     5 |       |       ||   116
       Whip              |       |    67 |       |       ||    67
       Short sword       |       |    82 |   260 |   319 ||   661
 Cast: Beastly Appendage |     1 |     2 |     1 |       ||     4
       Spider Form       |     3 |     4 |    13 |     3 ||    23
       Blade Hands       |       |       |     6 |    22 ||    28
       Stoneskin         |       |       |       |     1 ||     1
Invok: Minor Destruction |       |       |     3 |    60 ||    63
       Major Destruction |       |       |       |    13 ||    13
 Abil: End Transformatio |     1 |       |       |       ||     1
       Breathe Steam     |       |       |    12 |    14 ||    26
Evoke: Wand              |       |       |     6 |     3 ||     9
  Use: Scroll            |       |     8 |     4 |     5 ||    17
       Potion            |       |     8 |     4 |     1 ||    13
 Stab: Sleeping          |     1 |     2 |     1 |     3 ||     7
  Eat: Chunk             |     4 |     9 |    19 |    30 ||    62
       Beef jerky        |       |     1 |       |     1 ||     2
       Fruit             |       |       |       |     2 ||     2
       Pizza             |       |       |       |     1 ||     1
